 Dungeon Crawl Stone Soup version 0.29-a0-582-ge82337ba6a (webtiles) character file.

Game seed: 7146168780172312696

42 frimble the Cudgeller (level 3, 0/25 HPs)
             Began as a Gnoll Wanderer on June 15, 2022.
             Slain by a hobgoblin (1 damage)
             ... on level 2 of the Dungeon.
             The game lasted 00:01:46 (1682 turns).

frimble the Cudgeller (Gnoll Wanderer)              Turns: 1682, Time: 00:01:46

Health: 0/25       AC:  3    Str: 10    XL:     3   Next: 56%
Magic:  7/7        EV:  8    Int: 13    God:
Gold:   74         SH:  0    Dex: 12    Spells: 6/7 levels left

rFire   . . .      SeeInvis .   g - +1 morningstar
rCold   . . .      Faith    .   (no shield)
rNeg    . . .      Spirit   .   d - +0 robe
rPois   .          Reflect  .   (no helmet)
rElec   .          Harm     .   (no cloak)
rCorr   .          Rampage  .   (no gloves)
Will    .....                   n - +0 pair of boots
Stlth   ++........              (no amulet)
HPRegen 0.08/turn               (no ring)
MPRegen 0.10/turn               (no ring)

@: lethally poisoned (0 -> -1), constricted
A: fangs 1, strong nose, distributed training
a: no special abilities


You were on level 2 of the Dungeon.
You visited 1 branch of the dungeon, and saw 2 of its levels.

You collected 74 gold pieces.

Inventory:

Hand Weapons
 a - a +2 mace
 b - a +0 vorpal hunting sling
 g - a +1 morningstar (weapon)
Armour
 d - a +0 robe (worn)
 n - a +0 pair of boots (worn)
Scrolls
 c - a scroll of blinking
 e - a scroll of teleportation
 o - a scroll of identify {unknown}
 p - a scroll of noise {unknown}
Potions
 h - 2 potions of resistance {unknown}
 i - 2 potions of flight {unknown}
 k - a potion of degeneration {unknown}
 l - 2 potions of attraction {unknown}


   Skills:
 + Level 0.8 Fighting
 + Level 0.8 Short Blades
 + Level 0.8 Long Blades
 + Level 0.8 Axes
 + Level 6.5 Maces & Flails
 + Level 0.8 Polearms
 + Level 0.8 Staves
 + Level 0.8 Slings
 + Level 0.8 Bows
 + Level 0.8 Crossbows
 + Level 0.8 Throwing
 + Level 4.5 Armour
 + Level 0.8 Dodging
 + Level 2.4 Stealth
 + Level 0.8 Shields
 + Level 0.8 Unarmed Combat
 + Level 2.8 Spellcasting
 + Level 0.5 Conjurations
 + Level 0.5 Hexes
 + Level 0.5 Summonings
 + Level 0.5 Necromancy
 + Level 0.5 Translocations
 + Level 0.5 Transmutations
 + Level 0.5 Fire Magic
 + Level 5.4 Ice Magic
 + Level 0.5 Air Magic
 + Level 0.5 Earth Magic
 + Level 0.5 Poison Magic
 + Level 1.0 Invocations
 + Level 0.8 Evocations


You had 6 spell levels left.
You knew the following spells:

 Your Spells              Type           Power      Damage    Failure   Level
a - Freeze                Ice            60%        1d8       2%          1

Your spell library contained the following spells:

 Spells                   Type           Power      Damage    Failure   Level
 Ozocubu's Armour         Ice            15%        N/A       8%          3


Dungeon Overview and Level Annotations

Branches:
Dungeon (2/15)

Altars:


Innate Abilities, Weirdness & Mutations

You have very sharp teeth.
Your uncanny sense of smell can sniff out nearby items.
Your experience applies equally to all skills.


Message History

You sock the adder!
You kill the adder!
You feel sick.
You hear an angry hiss.
You hear a shout!
A ball python comes into view.
The adder misses you.
You feel sick.
The hobgoblin shouts!
The adder bites you.
The ball python bites you but does no damage.
The ball python barely misses you. The adder bites you but does no damage.
You see here an adder corpse.
You completely miss the adder. Your bite misses the adder.
You feel sick. The ball python closely misses you. The ball python misses you.
The adder bites you but does no damage.
An adder comes into view.
You miss the adder.
You feel sick.
The ball python bites you but does no damage.
The ball python barely misses you. The adder barely misses you.
The adder bites you.
* * * LOW HITPOINT WARNING * * *
The ball python bites you.
* * * LOW HITPOINT WARNING * * *
The ball python misses you.
The adder hisses angrily.
You sock the adder!
You kill the adder!
* * * LOW HITPOINT WARNING * * *
You feel sick. The ball python misses you. The ball python grabs you.
The ball python constricts you.
* * * LOW HITPOINT WARNING * * *
Your Invocations skill increases to level 1!
You hit the hobgoblin.
You bite the hobgoblin, but do no damage.
The hobgoblin is moderately wounded.
* * * LOW HITPOINT WARNING * * *
You feel sick.
The ball python bites you but does no damage.
The ball python constricts you. The hobgoblin hits you.
You die...

*,,,,,* ***
******************,,,,,*
*,,,,,,,,∆,,,,,,,+,,,,,*
*,****************,,,,,*
*,****************,,,,,*
*,,,,,,,,,,,,,,,,,,,,,,*
**********,,******,,,,,*
**,* ####**,,** *,*##@.#
*,,** *,,#Sg##
**,,*********
*#...S.#**,,,,,,,,,,,*
#..#.S.#,,,*,******,*
#####....,**** *,*
*#._.#* *,*
****,....#*** *,*
*,*,,.#...#,* *,*
*,,,,###...,* *,*


You could see an adder, a hobgoblin and 2 ball pythons.

Vanquished Creatures
  2 adders (D:2)
  3 ball pythons (D:1)
  4 bats (D:1)
  3 endoplasms (D:1)
  A goblin (D:1)
  4 hobgoblins (D:1)
  2 jackals (D:1)
  A frilled lizard (D:1)
  2 kobolds (D:1)
  A rat (D:1)
23 creatures vanquished.

Notes
Turn   | Place    | Note
-------+----------+-------------------------------------------
     0 | D:1      | frimble the Gnoll Wanderer began the quest for the Orb.
     0 | D:1      | frimble set off with the following items: a +2 mace, a +0
                  | pair of boots, a scroll of blinking, a +0 robe; and the
                  | following spell memorised: Freeze; and the following spells
                  | available to memorise: Ozocubu's Armour
     0 | D:1      | Reached XP level 1. HP: 13/13 MP: 4/4
   387 | D:1      | Reached XP level 2. HP: 19/19 MP: 5/5
  1547 | D:1      | Reached XP level 3. HP: 22/25 MP: 7/7
  1669 | D:2      | Found a faded altar of an unknown god.
  1682 | D:2      | Reached skill level 1 in Invocations
  1682 | D:2      | HP: 1/25 [poisoned by an adder]
  1682 | D:2      | Slain by a hobgoblin

Illustrated notes

Levels and vault maps discovered:
D:1:      matt_arrival_spirals, layout_loops_corners
D:2:      layout_basic, nicolae_ecumenical_snake_handling, basic_altar,
          wander_ebering_terrifying_dragon_lair

Skill      XL: |  1  2  3 |
---------------+----------+-----
Invocations    | 1 |  1.0
Fighting       | |  0.8
Short Blades   | |  0.8
Long Blades    | |  0.8
Axes           | |  0.8
Maces & Flails | |  6.5
Polearms       | |  0.8
Staves         | |  0.8
Slings         | |  0.8
Bows           | |  0.8
Crossbows      | |  0.8
Throwing       | |  0.8
Armour         | |  4.5
Dodging        | |  0.8
Stealth        | |  2.4
Shields        | |  0.8
Unarmed Combat | |  0.8
Spellcasting   | |  2.8
Conjurations   | |  0.5
Hexes          | |  0.5
Summonings     | |  0.5
Necromancy     | |  0.5
Translocations | |  0.5
Transmutations | |  0.5
Fire Magic     | |  0.5
Ice Magic      | |  5.4
Air Magic      | |  0.5
Earth Magic    | |  0.5
Poison Magic   | |  0.5
Evocations     | |  0.8

Action                   || total
-------------------------++-------
Melee: Mace              ||     4
       Morningstar       ||    68
       Bite              ||     6
 Cast: Freeze            ||     9
  Use: Scroll            ||     4
 Stab: Sleeping          ||     4
Armor: Robe              ||    25
Dodge: Dodged            ||    59

Table legend: (Time is in decaauts)
 A = Elapsed time spent in this place.
 B = Non-inter-level travel time spent in this place.
 C = Inter-level travel time spent in this place.
 D = Time resting spent in this place.
 E = Time spent auto-exploring this place.
 F = Levels seen in this place.
 G = Mean time per level.
                   A        B        C        D        E       F      G
               +--------+--------+--------+--------+--------+-----+--------+
         Total |   1693 |   1672 |     21 |      0 |   1469 |   2 |  846.5 |
       Dungeon |   1693 |   1672 |     21 |      0 |   1469 |   2 |  846.5 |
               +--------+--------+--------+--------+--------+-----+--------+

Top non-repeatable levels by time:
     D:1: 1638 daAuts
     D:2: 54 daAuts
